 Dungeon Crawl Stone Soup version 0.29-a0-472-ge5599a681e (webtiles) character file.

Game seed: 2381983051064837502

41 siradein the Grave Robber (level 3, -1/21 (24) HPs)
             Began as a Vampire Necromancer on May 23, 2022.
             Slain by a necrophage (4 damage)
             ... on level 2 of the Dungeon.
             The game lasted 00:04:39 (1747 turns).

siradein the Grave Robber (Vampire Necromancer)     Turns: 1747, Time: 00:04:40

HP:   -1/21 (24)    AC:  3    Str:  7    XL:     3   Next: 32%
MP:   7/7           EV: 12    Int: 25    God:
Gold: 82            SH:  5    Dex: 14    Spells: 3/7 levels left

rFire   . . .      SeeInvis +   m - +0 falchion
rCold   . . .      Faith    .   (no shield)
rNeg    . . .      Spirit   .   a - +1 robe
rPois   .          Reflect  +   (no helmet)
rElec   .          Harm     .   (no cloak)
rCorr   .          Rampage  .   (no gloves)
Will    .....                   (no boots)
Stlth   ++........              j - amulet of reflection
HPRegen 0.27/turn               h - +6 ring of intelligence
MPRegen 0.10/turn               (no ring)

@: about to teleport, healing quickly, heavily drained
A: alive, fangs 3, see invisible, vampiric 2
a: Exsanguinate


You were on level 2 of the Dungeon.
You visited 1 branch of the dungeon, and saw 2 of its levels.

You collected 82 gold pieces.

Inventory:

Hand Weapons
 m - a +0 falchion (weapon)
Armour
 a - a +1 robe (worn)
Jewellery
 h - a +6 ring of intelligence (left hand)
 j - an amulet of reflection (around neck)
Scrolls
 i - a scroll of identify {unknown}
 k - a scroll of poison {unknown}
Potions
 b - a potion of magic
 d - a potion of curing {unknown}
 f - 2 potions of mutation {unknown}
 l - 2 potions of brilliance {unknown}


   Skills:
 - Level 2.1 Dodging
 - Level 3.0 Stealth
 + Level 2.8 Spellcasting
 + Level 5.1 Necromancy


You had 3 spell levels left.
You knew the following spells:

 Your Spells              Type           Power      Damage    Failure   Level
a - Necrotize             Necr           100%       1d9       1%          1
b - Vampiric Draining     Necr           29%        2d8       3%          3

Your spell library contained the following spells:

 Spells                   Type           Power      Damage    Failure   Level
 Animate Dead             Necr           29%        N/A       12%         4
 Agony                    Necr           29%        N/A       34%         5


Dungeon Overview and Level Annotations

Branches:
Dungeon (2/15)

Altars:


Innate Abilities, Weirdness & Mutations

Your natural rate of healing is accelerated.
You have razor-sharp teeth.
You have supernaturally acute eyesight. (SInv)
You are afflicted with vampirism and can become a bat while bloodless.


Message History

The giant cockroach writhes in agony!
You kill the giant cockroach!
A ball python comes into view.
The ball python hisses angrily.
You slash the ball python!
You kill the ball python!
Found 13 gold pieces.
The necrophage attacks as you move away!
The necrophage hits you.
You feel drained.
The necrophage attacks as you move away!
The necrophage hits you.
You feel drained.
You hit the necrophage.
You bite the necrophage, but do no damage.
The necrophage is lightly damaged.
The necrophage hits you. The necrophage barely misses you.
You closely miss the necrophage. You bite the necrophage.
The necrophage is lightly damaged.
The necrophage hits you.
You barely miss the necrophage.
The necrophage is lightly damaged.
The necrophage hits you.
* * * LOW HITPOINT WARNING * * *
You closely miss the necrophage. Your bite misses the necrophage.
The necrophage is lightly damaged.
The necrophage hits you.
* * * LOW HITPOINT WARNING * * *
You feel drained. You block the necrophage's attack.
You closely miss the necrophage.
The necrophage is lightly damaged.
The necrophage misses you.
As you read the scroll labelled BUEVVI TYPAM, it crumbles to dust.
It is a scroll of enchant armour.
Your +0 robe glows green for a moment.
The necrophage closely misses you.
As you read the scroll labelled KIEDUO ETAR, it crumbles to dust.
You feel aware of your surroundings.
It was a scroll of magic mapping.
The necrophage closely misses you.
As you read the scroll labelled ESECLI DENKE, it crumbles to dust.
You feel strangely unstable.
It was a scroll of teleportation.
The necrophage hits you.
You die...

,......#.#.# *##*******,* #.#
*#$...##.#.# ###**,* #.#
#.#.##....# #..,,,* #.#
##.#.#.###.# #.#**** #.#
.....<.# #.# #.# #.#
.#####.###.# #$# #.#
.....##...#### #.# #.#
####.........######.########.#
#.##...##....@n...........#
#.###.##########.##########
#.###.# #.# ####.....# #.#*
..†..##### #..* ###### ##.*
*.# *.# *,*


You could see a necrophage.

Vanquished Creatures
  An adder (D:2)
  A worm (D:2)
  A dart slug (D:1)
  4 ball pythons
  A bat (D:1)
  3 endoplasms
  3 giant cockroaches
  3 goblins (D:2)
  A hobgoblin (D:1)
  2 quokkas
  2 kobolds
  3 rats
25 creatures vanquished.

Notes
Turn   | Place    | Note
-------+----------+-------------------------------------------
     0 | D:1      | siradein the Vampire Necromancer began the quest for the
                  | Orb.
     0 | D:1      | Reached XP level 1. HP: 13/13 MP: 3/3
   407 | D:1      | Found a faded altar of an unknown god.
   456 | D:1      | Reached XP level 2. HP: 19/19 MP: 3/5
  1432 | D:2      | Reached skill level 5 in Necromancy
  1432 | D:2      | Gained mutation: You are afflicted with vampirism and can
                  | become a bat while bloodless. [Vampire growth]
  1432 | D:2      | Reached XP level 3. HP: 24/24 MP: 1/7
  1581 | D:2      | Learned a level 3 spell: Vampiric Draining
  1653 | D:2      | Noticed a necrophage
  1747 | D:2      | Slain by a necrophage

Illustrated notes

Levels and vault maps discovered:
D:1:      lemuel_arrival_tunnels, layout_loops_ring,
          hellmonk_ecumenical_altar_zigzags, serial_bayou, serial_bayou_shore_a,
          serial_bayou_pond_a, serial_bayou_crossing, serial_bayou_shore_b,
          serial_bayou_ford_a
D:2:      layout_loops_ring

Skill      XL: |  1  2 |
---------------+-------+-----
Necromancy     | 5 |  5.1
Dodging        | |  2.1
Stealth        | |  3.0
Spellcasting   | |  2.8

Action                   || total
-------------------------++-------
Melee: Unarmed           ||     9
       Bite              ||     3
       Falchion          ||     6
 Cast: Necrotize         ||    48
  Use: Scroll            ||     3
Armor: Robe              ||     1
Dodge: Dodged            ||    15
Block: Other             ||     3
       Reflection        ||     1

Table legend: (Time is in decaauts)
 A = Elapsed time spent in this place.
 B = Non-inter-level travel time spent in this place.
 C = Inter-level travel time spent in this place.
 D = Time resting spent in this place.
 E = Time spent auto-exploring this place.
 F = Levels seen in this place.
 G = Mean time per level.
                   A        B        C        D        E       F      G
               +--------+--------+--------+--------+--------+-----+--------+
         Total |   1788 |   1751 |     37 |      0 |   1434 |   2 |  894.0 |
       Dungeon |   1788 |   1751 |     37 |      0 |   1434 |   2 |  894.0 |
               +--------+--------+--------+--------+--------+-----+--------+

Top non-repeatable levels by time:
     D:1: 1158 daAuts
     D:2: 630 daAuts
